 Dungeon Crawl Stone Soup version 0.23.2-33-g5129a83184 (webtiles) character file.

Game seed: 5539441604640241832

35 Aesthetico the Firebug (level 3, -2/19 HPs)
             Began as a Deep Elf Fire Elementalist on July 19, 2019.
             Was an Initiate of Kikubaaqudgha.
             Killed from afar by an orc wizard (10 damage)
             ... with a puff of flame
             ... on level 4 of the Dungeon.
             The game lasted 00:03:46 (1152 turns).

Aesthetico the Firebug (Deep Elf Fire Elementalist) Turns: 1152, Time: 00:03:49

Health: -2/19      AC:  2    Str:  3    XL:     3   Next: 17%
Magic:  1/9        EV: 13    Int: 20    God:    Kikubaaqudgha [......]
Gold:   86         SH:  0    Dex: 15    Spells: 7/8 levels left

rFire    . . .     SeeInvis .   h - +0 short sword
rCold    . . .     Gourm    .   (no shield)
rNeg     . . .     Faith    .   a - +0 robe
rPois    .         Spirit   .   (no helmet)
rElec    .         Reflect  .   (no cloak)
rCorr    .         Harm     .   (no gloves)
MR       .....                  (no boots)
Stlth    ++........             (no amulet)
HPRegen  0.06/turn              b - -2 ring of strength (curse)
MPRegen  0.11/turn              (no ring)

@: very slightly contaminated
A: no striking features
a: Renounce Religion


You were on level 4 of the Dungeon.
You worshipped Kikubaaqudgha.
Kikubaaqudgha was noncommittal.
You were hungry.

You visited 2 branches of the dungeon, and saw 4 of its levels.

You collected 86 gold pieces.

Inventory:

Hand Weapons
 h - a +0 short sword (weapon)
Armour
 a - a +0 robe (worn)
Jewellery
 b - a cursed -2 ring of strength (left hand)
 j - an uncursed ring of stealth {unknown}
 k - an uncursed ring of ice {unknown}
Scrolls
 d - a scroll of fear {unknown}
 i - a scroll of random uselessness {unknown}
 m - a scroll of teleportation {unknown}
Potions
 e - 2 potions of curing
 f - a potion of flight {unknown}
 g - 2 potions of cancellation {unknown}
 l - 2 potions of ambrosia {unknown}
 n - a potion of mutation {unknown}
 o - a potion of resistance {unknown}
Comestibles
 c - 3 rations


   Skills:
 - Level 2.6 Dodging
 - Level 2.4 Stealth
 - Level 3.0 Spellcasting
 - Level 1.1 Conjurations
 + Level 4.7 Fire Magic


You had 7 spell levels left.
You knew the following spells:

 Your Spells              Type           Power        Failure   Level  Hunger
a - Flame Tongue          Conj/Fire      ##...        4%          1    None

Your spell library contained the following spells:

 Spells                   Type           Power        Failure   Level  Hunger
 Throw Flame              Conj/Fire      ##....       7%          2    ##.....
 Conjure Flame            Conj/Fire      ##......     13%         3    ###....
 Inner Flame              Hex/Fire       ##......     16%         3    ###....
 Sticky Flame             Conj/Fire      ##......     41%         4    ####...
 Fireball                 Conj/Fire      ##........   77%         5    ######.


Dungeon Overview and Level Annotations

Branches:
Dungeon (4/15)             Temple (1/1) D:4

Altars:
Ashenzari
Cheibriados
Dithmenos
Hepliaklqana
Kikubaaqudgha
Trog
Wu Jian
Xom
The Shining One


Message History

Press: ? - help, Shift-Dir - straight line, f/p - orc
Aim: an orc, wielding a +0 hand axe (moderately wounded)
The flame tongue hits the orc!
You kill the orc!
Kikubaaqudgha accepts your kill. Something hits you.
* * * LOW HITPOINT WARNING * * *
It was a potion of curing.
You feel better. Something hits you. Something hits you but does no damage.
Casting: Flame Tongue (safe; 4% risk of failure)
Confirm with . or Enter, or press ? or * to list all spells.
Aiming: Flame Tongue (safe; 4% risk of failure)
Press: ? - help, Shift-Dir - straight line The flame tongue hits something.
Something hits you but does no damage.
You hear some strange, mumbled words.
A puff of flame appears from out of thin air!
The puff of flame hits you!
Ouch! That really hurt!
You die...
Kikubaaqudgha rasps: "You have failed me!
Welcome... death!"

##... #......##. ....≈ ....
#....###.###>.... #..#
#.....#......#..
#..###.............# ..
#...#..............## ...
..####....#..........#
.##..≈
..........#..........#
......
##..#...##.........###......
#. #..###...@..............
##.###))##...#.....#...
#..##..##.###..>..#
#<.#..###.. #.....#
##....###(...........
#......##.....###....#
#.....####..... ..###
#.##..# #..... .## #. #..#
###.. ##


There were no monsters in sight!

Vanquished Creatures
  An orc wizard (D:4)
  An adder (D:4)
  A dart slug (D:1)
  2 orcs (D:4)
  A giant cockroach (D:1)
  3 goblins (D:1)
  A hobgoblin (D:1)
  A kobold (D:1)
  A ball python (D:2)
  A frilled lizard (D:1)
  A rat (D:1)
14 creatures vanquished.

Notes
Turn   | Place    | Note
-------+----------+-------------------------------------------
     0 | D:1      | Aesthetico the Deep Elf Fire Elementalist began the quest
                  | for the Orb.
     0 | D:1      | Reached XP level 1. HP: 10/10 MP: 6/6
   477 | D:1      | Reached XP level 2. HP: 15/15 MP: 4/8
   731 | D:1      | Reached skill level 4 in Fire Magic
   914 | D:2      | You fall through a shaft for 2 floors!
   914 | D:4      | Found a staircase to the Ecumenical Temple.
   928 | Temple   | Entered the Ecumenical Temple
  1092 | Temple   | Became a worshipper of Kikubaaqudgha
  1144 | D:4      | Reached XP level 3. HP: 11/19 MP: 7/9
  1152 | D:4      | Killed from afar by an orc wizard

Skill      XL: |  1  2 |
---------------+-------+-----
Fire Magic     | 4 |  4.7
Dodging        | |  2.6
Stealth        | |  2.4
Spellcasting   | |  3.0
Conjurations   | |  1.1

Action                   || total
-------------------------++-------
 Cast: Flame Tongue      ||    27
  Use: Potion            ||     1
Armor: Robe              ||     3
Dodge: Dodged            ||    16
